[Event "Team 45 45 League T27"]
[Site "Internet Chess Club"]
[Date "2005.07.14"]
[Round "5"]
[White "room-matt"]
[Black "DocHoliday"]
[Result "0-1"]
[WhiteElo "1815"]
[BlackElo "1874"]
[TimeControl "2700+45"]

1. e4 c5 2. Nf3 Nc6 3. d4 cxd4 4. Nxd4 g6 5. Nc3 Bg7 6. Be3 Nf6 7. Bc4 O-O 8.
O-O d6 9. h3 a6 10. Bb3 Nxd4 11. Bxd4 b5 12. Qd3 Bb7 13. Rfe1 e6 14. Rad1 Qc7
15. Bxf6 Bxf6 16. Qxd6 Rac8 17. Qd7 Qb6 18. Rd6 Bc6 19. e5 Rfd8 20. Qxc8 Rxc8
21. exf6 Qc7 22. Red1 b4 23. Ne2 a5 24. Nf4 Bd5 25. Nxd5 exd5 26. R1xd5 Re8 27.
Kf1 h5 28. g3 Qa7 29. Rd7 Qa6+ 30. Rd3 Rf8 31. Rd6 Qb5 32. f4 Qf5 33. Kg2 h4 34.
Kh2 Re8 35. Kg2 Re2+ 36. Kf3 Qe4+ 37. Kg4 hxg3 38. Rd8+ Kh7 39. Bxf7 g2 40. Bg8+
Kh6 41. Be6 Qxe6+ {White resigns} 0-1

[Event "Team 45 45 League T27"]
[Site "Internet Chess Club"]
[Date "2005.07.18"]
[Round "5"]
[White "orkid"]
[Black "chessateer"]
[Result "1/2-1/2"]
[WhiteElo "1821"]
[BlackElo "1812"]
[TimeControl "2700+45"]

1. e4 e5 2. Nf3 Nf6 3. Nxe5 d6 4. Nf3 Nxe4 5. Qe2 Qe7 6. d3 Nf6 7. Nc3 Bg4 8.
Be3 Nc6 9. O-O-O O-O-O 10. h3 Be6 11. Ng5 g6 12. Nxe6 fxe6 13. Qd2 Bg7 14. Bh6
Rhf8 15. Bxg7 Qxg7 16. f3 d5 17. d4 e5 18. dxe5 Nxe5 19. Qd4 Nc6 20. Qa4 Kb8 21.
Bb5 Ne7 22. Qb3 c6 23. Ba6 Nc8 24. Rhe1 Nb6 25. Bf1 Rfe8 26. Na4 Nxa4 27. Qxa4
Re7 28. Qb4 Rde8 29. Rxe7 Qxe7 30. Qf4+ Qe5 31. Qxe5+ Rxe5 32. g4 Kc7 33. Kd2 g5
34. Bd3 h6 35. Rh1 Kd6 36. h4 Nd7 37. hxg5 hxg5 38. Bf5 Nf6 39. Rh6 Ke7 40. Rg6
d4 41. Rxg5 Rb5 42. b3 a5 43. a4 Re5 44. Rg7+ Kd6 45. Rxb7 Re3 46. Rf7 Nd5 47.
Be4 Nc3 48. Bd3 Nb1+ 49. Kc1 Re1+ 50. Kb2 Nc3 51. g5 Rb1+ 52. Ka3 Ra1+ 53. Kb2
Rb1+ 54. Ka3 Ra1+ 55. Kb2 Ra2+ 56. Kc1 Ra1+ 57. Kb2 Rb1+ {Game drawn by
repetition} 1/2-1/2

[Event "Team 45 45 League T27"]
[Site "Internet Chess Club"]
[Date "2005.07.18"]
[Round "5"]
[White "GolferBob"]
[Black "Chessnut"]
[Result "0-1"]
[WhiteElo "1757"]
[BlackElo "1751"]
[TimeControl "2700+45"]

1. d4 d5 2. Nf3 Nf6 3. Bg5 Ne4 4. Bh4 Bf5 5. Nbd2 c5 6. e3 Qb6 7. Rb1 e6 8. c3
Nc6 9. Bd3 Nxf2 10. Kxf2 Bxd3 11. Ra1 Qxb2 12. Qb3 Qxb3 13. Nxb3 cxd4 14. cxd4
Bd6 15. Rhd1 Bg6 16. Bg3 Bxg3+ 17. Kxg3 h6 18. Nc5 b6 19. Na6 Kd7 20. Rdc1 Rhc8
21. Rc3 Na5 22. Ne5+ Kd8 23. Rac1 Rxc3 24. Rxc3 Rc8 25. Rxc8+ Kxc8 26. Nxg6 fxg6
27. Kf4 Kd7 28. Nb4 Nc4 29. e4 dxe4 30. Kxe4 Kd6 31. Kd3 Na5 32. Ke4 Nc6 33. Nd3
a5 34. a3 b5 35. Nc5 b4 36. axb4 axb4 37. Nb7+ Ke7 38. Nc5 Na5 39. Kd3 Kd6 40.
Ne4+ Kd5 41. Nd2 e5 42. dxe5 Kxe5 43. Nf3+ Kd5 44. Nd2 Kc5 45. Ne4+ Kd5 46. Nd2
Nc6 47. Nf3 Ne5+ 48. Nxe5 Kxe5 49. Kc4 Ke4 50. Kxb4 Ke3 51. Kc4 Kf2 {White
resigns} 0-1

[Event "Team 45 45 League T27"]
[Site "Internet Chess Club"]
[Date "2005.07.14"]
[Round "5"]
[White "RingLord"]
[Black "sigma33"]
[Result "1-0"]
[WhiteElo "1621"]
[BlackElo "1549"]
[TimeControl "2700+45"]

1. e4 e5 2. Nc3 Bc5 3. f4 Bxg1 4. Rxg1 exf4 5. Qg4 Qf6 6. Nd5 Qe5 7. Nxc7+ Kd8
8. Nxa8 d5 9. Qe2 dxe4 10. d4 Qxd4 11. Bxf4 Na6 {Black resigns} 1-0

[Event "Team 45 45 League T27"]
[Site "Internet Chess Club"]
[Date "2005.07.16"]
[Round "5"]
[White "Kingofknights"]
[Black "billarvola"]
[Result "0-1"]
[WhiteElo "1748"]
[BlackElo "2037"]
[TimeControl "2700+45"]

1. d4 d5 2. c4 e6 3. Nc3 Be7 4. Nf3 Nf6 5. Bg5 h6 6. Bh4 O-O 7. e3 b6 8. Bxf6
Bxf6 9. cxd5 exd5 10. Bd3 Be6 11. Qc2 Nd7 12. b4 c5 13. bxc5 bxc5 14. O-O c4 15.
Bf5 Qa5 16. Bxe6 fxe6 17. e4 Rfb8 18. e5 Be7 19. Ne2 Rb6 20. Rab1 Rab8 21. Nf4
Nf8 22. Rxb6 Rxb6 23. Rb1 Qa3 24. Kf1 Kf7 25. Ke1 g5 26. Ne2 Rxb1+ 27. Qxb1 Qb4+
28. Qxb4 Bxb4+ 29. Kd1 g4 30. Nd2 Kg6 31. h3 gxh3 32. Nf4+ Kf5 33. Nxh3 Bxd2 34.
Kxd2 Ke4 35. Kc3 Ng6 36. a4 Nf4 37. Nxf4 Kxf4 38. Kd2 Ke4 39. Kc3 a5 40. f3+ Ke3
{White resigns} 0-1

[Event "Team 45 45 League T27"]
[Site "Internet Chess Club"]
[Date "2005.07.17"]
[Round "5"]
[White "kabindra"]
[Black "StevieBlunder"]
[Result "1-0"]
[WhiteElo "1771"]
[BlackElo "1670"]
[TimeControl "2700+45"]

1. e4 d6 2. d4 Nf6 3. Nc3 g6 4. Nf3 Bg7 5. h3 a6 6. a3 O-O 7. Be3 Nbd7 8. Qd2 c5
9. d5 b5 10. Bd3 Nb6 11. Bh6 e6 12. Bxg7 Kxg7 13. O-O exd5 14. exd5 Bb7 15. b3
Qc7 16. Ne4 Nxe4 17. Bxe4 f5 18. Ng5 Rfe8 19. Bf3 Bc8 20. Rfe1 Bd7 21. Ne6+ Bxe6
22. dxe6 Rad8 23. Qc3+ Kg8 24. Qf6 Qe7 25. Qxe7 Rxe7 26. a4 bxa4 27. bxa4 Nc4
28. Bd5 Nb6 29. Bc6 d5 30. a5 Nc4 31. Bd7 Kg7 32. Reb1 Ne5 33. Rb6 Nxd7 34. exd7
Rdxd7 35. Rxa6 Ra7 36. Rxa7 Rxa7 37. Kf1 Kf6 38. Ke2 Ke5 39. Kd3 h5 40. Kc3 g5
41. Kb3 Kd4 42. Rd1+ Ke5 43. Ka4 Kd6 44. Kb5 Rb7+ 45. Ka6 Kc6 46. Re1 Rg7 47.
Re6+ Kc7 48. Rb6 Rg8 49. Kb5 c4 50. a6 g4 51. hxg4 hxg4 52. Rc6+ Kd7 53. Kc5 d4
54. Rd6+ Kc7 55. Rxd4 Rc8 56. Rxc4 Kb8+ 57. Kd5 Re8 58. Rf4 Re2 59. c4 Ka7 60.
Rxf5 Kxa6 61. Rf4 g3 62. fxg3 Rxg2 63. Rg4 Kb6 64. c5+ Kb5 65. Rg5 Rd2+ 66. Ke6
Kc6 67. g4 Re2+ 68. Re5 Rh2 69. Kf6 Rh6+ 70. Kg7 Rh4 71. g5 Rd4 72. g6 Kd7 73.
Rf5 Rd2 74. Rf6 Ke8 75. c6 Rc2 76. Rf8+ Ke7 77. Rf7+ Kd6 78. c7 Ke6 79. Kf8
{Black resigns} 1-0

[Event "Team 45 45 League T27"]
[Site "Internet Chess Club"]
[Date "2005.07.14"]
[Round "5"]
[White "fledermaus"]
[Black "bassdv8rb"]
[Result "1-0"]
[WhiteElo "2082"]
[BlackElo "1825"]
[TimeControl "2700+45"]

1. d4 d6 2. Nf3 Nd7 3. e4 e5 4. Bc4 Be7 5. dxe5 Nxe5 6. Nxe5 dxe5 7. Qh5 Nh6 8.
Bxh6 Qd4 9. Qxf7+ Kd8 10. Be3 Qxb2 11. O-O Qxc2 12. Na3 Qxe4 13. Rad1+ Bd7 14.
Be6 Qg6 15. Rxd7+ Kc8 16. Rd8+ Kxd8 17. Rd1+ Bd6 18. Qd7# {Black checkmated} 1-0

[Event "Team 45 45 League T27"]
[Site "Internet Chess Club"]
[Date "2005.07.15"]
[Round "5"]
[White "budz"]
[Black "viking99"]
[Result "0-1"]
[WhiteElo "1576"]
[BlackElo "1840"]
[TimeControl "2700+45"]

1. e4 e6 2. d4 d5 3. exd5 exd5 4. c4 Nf6 5. Nc3 Be7 6. Nf3 O-O 7. Bd3 Nc6 8. O-O
Re8 9. Bf4 a6 10. Ne5 Nxe5 11. dxe5 Ng4 12. cxd5 Bc5 13. Ne4 Nxe5 14. Nxc5 Nxd3
15. Qxd3 b6 16. Nb3 Bb7 17. Rfd1 Rc8 18. d6 cxd6 19. Qxd6 Qh4 20. Bg3 Qe4 21. f3
Qe3+ 22. Bf2 Qg5 23. Qg3 Qh6 24. Rd6 g6 25. Bxb6 Rc2 26. Bd4 a5 27. Nxa5 Rc1+
28. Rxc1 Qxc1+ 29. Kf2 Qd2+ 30. Kf1 Qd1+ 31. Kf2 Re2# {White checkmated} 0-1

[Event "Team 45 45 League T27"]
[Site "Internet Chess Club"]
[Date "2005.07.13"]
[Round "5"]
[White "bmw2002"]
[Black "scyther314159"]
[Result "1-0"]
[WhiteElo "1584"]
[BlackElo "1579"]
[TimeControl "2700+45"]

1. c4 Nf6 2. g3 g6 3. Bg2 Bg7 4. Nc3 c5 5. e4 d6 6. Nge2 Nc6 7. h3 O-O 8. O-O e5
9. d3 Ne8 10. f4 f5 11. Rb1 Nf6 12. fxe5 dxe5 13. Nd5 fxe4 14. dxe4 Nd4 15. Kh2
Nxd5 16. cxd5 Bd7 17. Nc3 Qa5 18. Be3 b5 19. a3 b4 20. axb4 cxb4 21. Ne2 Nxe2
22. Qxe2 Bb5 23. Rxf8+ Rxf8 24. Qd2 Qa4 25. Bc5 a5 26. Bxf8 Bxf8 27. b3 Qa3 28.
d6 Bd7 29. Qd5+ Kh8 30. Qf7 Bxd6 31. Qxd7 Qa2 32. Qxd6 Qxb1 33. Qf8# {Black
checkmated} 1-0

[Event "Team 45 45 League T27"]
[Site "Internet Chess Club"]
[Date "2005.07.17"]
[Round "5"]
[White "iwulu"]
[Black "trikmamak"]
[Result "0-1"]
[WhiteElo "2301"]
[BlackElo "2228"]
[TimeControl "2700+45"]

1. d4 d5 2. Nf3 e6 3. c4 c6 4. Qc2 f5 5. Bf4 Nf6 6. e3 Be7 7. Bd3 Ne4 8. h4 Nd7
9. Nc3 Ndf6 10. h5 Ng4 11. Nd1 Qa5+ 12. Ke2 O-O 13. Ne1 Nd6 14. c5 Nf7 15. f3
Ngh6 16. a3 Qd8 17. Nf2 Bf6 18. g4 Qe7 19. Ng2 e5 20. dxe5 Bxe5 21. gxf5 Bxf4
22. Nxf4 Ne5 23. Ne6 Nxd3 24. Nxd3 Nxf5 {White resigns} 0-1

[Event "Team 45 45 League T27"]
[Site "Internet Chess Club"]
[Date "2005.07.17"]
[Round "5"]
[White "kikian"]
[Black "Gregorio"]
[Result "1/2-1/2"]
[WhiteElo "2076"]
[BlackElo "2064"]
[TimeControl "2700+45"]

1. e4 e5 2. Nf3 Nc6 3. c3 Nf6 4. d4 exd4 5. e5 Ne4 6. Qe2 f5 7. exf6 d5 8. Nbd2
d3 9. Qe3 Bc5 10. fxg7 Rg8 11. Nd4 Bxd4 12. cxd4 Nb4 13. Bxd3 Qg5 14. Bxe4 Qxe3+
15. fxe3 dxe4 16. O-O Nc2 17. Rb1 Nxe3 18. Re1 Nc2 19. Rxe4+ Kf7 20. Nc4 Bf5
{Game drawn by mutual agreement} 1/2-1/2

[Event "Team 45 45 League T27"]
[Site "Internet Chess Club"]
[Date "2005.07.19"]
[Round "5"]
[White "StormRyder"]
[Black "Kolibri"]
[Result "0-1"]
[WhiteElo "2020"]
[BlackElo "2043"]
[TimeControl "2700+45"]

1. e4 c5 2. Nc3 e6 3. g3 Nc6 4. Bg2 Nf6 5. d3 Be7 6. f4 d6 7. Nf3 O-O 8. O-O Rb8
9. Be3 b5 10. a3 b4 11. axb4 cxb4 12. Ne2 Ng4 13. Bxa7 Nxa7 {White resigns} 0-1

[Event "Team 45 45 League T27"]
[Site "Internet Chess Club"]
[Date "2005.07.17"]
[Round "5"]
[White "kokomo"]
[Black "Ruger"]
[Result "1/2-1/2"]
[WhiteElo "2214"]
[BlackElo "2108"]
[TimeControl "2700+45"]

1. c4 g6 2. g3 Bg7 3. Bg2 d6 4. Nc3 c5 5. e3 Nc6 6. Nge2 e5 7. O-O Nge7 8. d3
O-O 9. h3 Be6 10. Nd5 Qd7 11. Kh2 Rab8 12. Nec3 f5 13. f4 a6 14. a4 h6 15. Bd2
Kh7 16. Rb1 a5 17. Nxe7 Nxe7 18. Nd5 b6 19. Bc3 Nxd5 20. cxd5 Bf7 21. Qc2 Rfc8
22. b3 Re8 23. Qb2 Re7 24. Rbe1 Rbe8 25. e4 Bg8 26. exf5 gxf5 27. fxe5 dxe5 28.
Rxf5 Bxd5 29. Be4 Kg8 30. Rf2 Qe6 31. Bf5 Qc6 32. Be4 Qe6 33. Bf5 Qc6 {Game
drawn by mutual agreement} 1/2-1/2

[Event "Team 45 45 League T27"]
[Site "Internet Chess Club"]
[Date "2005.07.21"]
[Round "5"]
[White "EdBorowski"]
[Black "Catalog"]
[Result "1/2-1/2"]
[WhiteElo "2018"]
[BlackElo "2089"]
[TimeControl "2700+45"]

1. d4 Nf6 2. c4 g6 3. Nc3 Bg7 4. Nf3 O-O 5. Bg5 d6 6. e4 Bg4 7. Be2 Nc6 8. O-O
h6 9. Be3 Bxf3 10. Bxf3 e5 11. d5 Ne7 12. Be2 Nh7 13. f4 f5 14. fxe5 dxe5 15.
exf5 gxf5 16. Bc5 Rf6 17. d6 cxd6 18. Ba3 Kh8 19. Nb5 Qb6+ 20. Kh1 Rd8 21. Qd2
a6 22. Nc3 Rg6 23. Rad1 Qc6 24. Nd5 Nxd5 25. Qxd5 Qxd5 26. Rxd5 f4 27. Rfd1 b6
28. Rxd6 Rgxd6 29. Rxd6 Rb8 30. g3 fxg3 31. hxg3 Ng5 32. Kg2 e4 33. Rd7 Bf6 34.
b3 Rd8 35. Rxd8+ Bxd8 36. Bc1 Kg7 37. Bxg5 Bxg5 38. Bg4 Kf6 39. Kf2 Ke5 40. Bd1
a5 41. Bg4 Kd4 42. Ke2 Kc3 43. Bf5 e3 44. Bg4 Kb2 45. Kd3 Kxa2 46. Kc2 Be7 47.
Be2 Bb4 48. Bf3 Be1 49. g4 Ka3 50. Bd1 Kb4 51. Kd3 Bf2 52. Kc2 Kc5 53. Kd3 Bg1
54. Bf3 Kb4 55. Kc2 Bf2 56. Bd1 a4 57. bxa4 Kxc4 58. Be2+ Kd4 59. Kb3 Be1 60.
Kc2 Ke4 61. Kd1 Ba5 62. Kc2 Kf4 63. Kd1 Kg3 64. Kc2 Kf2 65. Kd1 Bb4 66. Bd3 Kf3
67. Be2+ Ke4 68. Kc2 Kd4 69. Kd1 Kc3 70. Bb5 Bc5 71. Ke2 Kc2 72. Bd7 Kc3 73. Bb5
{Game drawn by mutual agreement} 1/2-1/2

[Event "Team 45 45 League T27"]
[Site "Internet Chess Club"]
[Date "2005.07.16"]
[Round "5"]
[White "thunderchicken"]
[Black "DeLaSalle"]
[Result "1/2-1/2"]
[WhiteElo "2106"]
[BlackElo "2047"]
[TimeControl "2700+45"]

1. d4 d5 2. c4 c6 3. Nf3 Nf6 4. Nc3 a6 5. e3 b5 6. b3 Bg4 7. Be2 e6 8. O-O Nbd7
9. Bb2 Bd6 10. h3 Bh5 11. Ne5 Bxe2 12. Nxe2 Qc7 13. cxd5 cxd5 14. Rc1 Qb8 15.
Nxd7 Kxd7 16. f4 g6 17. g4 h5 18. g5 Ne4 19. Nc3 Nxc3 20. Rxc3 Qb7 21. Qd3 Rac8
22. Rfc1 Rxc3 23. Rxc3 Rc8 24. Rxc8 Kxc8 25. a3 Qc6 26. Qd2 {Game drawn by
mutual agreement} 1/2-1/2

[Event "Team 45 45 League T27"]
[Site "Internet Chess Club"]
[Date "2005.07.16"]
[Round "5"]
[White "Solomons"]
[Black "Quoyle"]
[Result "0-1"]
[WhiteElo "2457"]
[BlackElo "2452"]
[TimeControl "2700+45"]

1. d4 d5 2. c4 e6 3. Nc3 Nf6 4. e3 c5 5. dxc5 Bxc5 6. a3 O-O 7. b4 Bd6 8. Bb2 a6
9. c5 Bc7 10. g4 Qe7 11. Bd3 Rd8 12. g5 Ne4 13. Qc2 f5 14. h4 Nc6 15. Nf3 e5 16.
Na4 Nxf2 17. Kxf2 e4 18. Nb6 Bxb6 19. cxb6 exf3 20. Qc5 Rd6 21. Rad1 Be6 22. b5
axb5 23. Bxb5 Rc8 24. Rc1 d4 25. exd4 Nxd4 26. Qe5 Nc6 27. Qf4 Rcd8 28. Rhe1
Rd2+ 29. Kf1 Rxb2 30. Rxe6 Qxe6 31. Bc4 Rd5 32. Qxf3 Ne7 33. Re1 Qc6 34. Qc3 Kf8
35. Rxe7 Rd1+ {White resigns} 0-1

[Event "Team 45 45 League T27"]
[Site "Internet Chess Club"]
[Date "2005.07.17"]
[Round "5"]
[White "Kingofknights"]
[Black "azbycx"]
[Result "1/2-1/2"]
[WhiteElo "1751"]
[BlackElo "1805"]
[TimeControl "2700+45"]

1. d4 Nf6 2. c4 e6 3. Nc3 Bb4 4. e3 c5 5. a3 Bxc3+ 6. bxc3 O-O 7. Bd3 d5 8. Bb2
Nc6 9. Ne2 e5 10. cxd5 Qxd5 11. c4 Qxg2 12. Rg1 Qxh2 13. d5 Ng4 14. dxc6 Qxf2+
15. Kd2 Qxe3+ 16. Kc2 e4 17. cxb7 exd3+ 18. Qxd3 Qxd3+ 19. Kxd3 Bf5+ 20. Kc3
Rab8 21. Raf1 Be6 22. Nf4 Ne3 23. Nxe6 fxe6 24. Rxg7+ Kxg7 25. Kd3+ Kg6 26. Rxf8
Rxb7 27. Rf6+ Kh5 28. Kxe3 Rxb2 29. Rxe6 Rb3+ 30. Kd2 Rxa3 31. Re5+ Kg4 32. Rxc5
h5 33. Rc7 h4 34. Rg7+ Kf5 35. c5 Ra6 36. Kd3 h3 37. Rh7 Kg6 38. Rh8 Kg7 39. Rh4
Ra3+ 40. Kc2 h2 41. Kb2 Ra5 42. Rxh2 Rxc5 43. Rf2 {Game drawn by mutual
agreement} 1/2-1/2

[Event "Team 45 45 League T27"]
[Site "Internet Chess Club"]
[Date "2005.07.19"]
[Round "5"]
[White "WFN2"]
[Black "DeepHmmm"]
[Result "1/2-1/2"]
[WhiteElo "2233"]
[BlackElo "2043"]
[TimeControl "2700+45"]

1. d4 d5 2. Nf3 Nf6 3. Bf4 e6 4. e3 Bd6 5. Ne5 O-O 6. Nd2 c5 7. c3 Nc6 8. Bg3
Qc7 9. f4 Ne4 10. Nxe4 dxe4 11. Be2 Ne7 12. Qc2 f5 13. Qb3 Bxe5 14. dxe5 Nd5 15.
Kf2 Bd7 16. Rhd1 Bc6 17. c4 Ne7 18. Rd6 Kf7 19. Bh4 Nc8 20. Rd2 Ne7 21. Rad1
Rfd8 22. Rd6 Rd7 23. R1d2 Rad8 24. Qd1 Qc8 25. g4 g6 26. gxf5 Nxf5 27. Bxd8 Nxd6
28. Rxd6 Qxd8 29. Rxd7+ Qxd7 30. Qxd7+ {Game drawn by mutual agreement} 1/2-1/2

[Event "Team 45 45 League T27"]
[Site "Internet Chess Club"]
[Date "2005.07.19"]
[Round "5"]
[White "indiadar"]
[Black "songoku420"]
[Result "1-0"]
[WhiteElo "2127"]
[BlackElo "1754"]
[TimeControl "2700+45"]

1. e4 e6 2. d4 d5 3. Nc3 Bb4 4. e5 c5 5. a3 Bxc3+ 6. bxc3 Ne7 7. Nf3 b6 8. a4
Ba6 9. Bxa6 Nxa6 10. O-O Nb8 11. Ng5 h6 12. Qh5 Rf8 13. Nxe6 Qd7 14. Nxf8 Kxf8
15. f4 Ke8 16. f5 Kd8 17. f6 gxf6 18. Rxf6 Nbc6 19. Rd6 {Black resigns} 1-0

[Event "Team 45 45 League T27"]
[Site "Internet Chess Club"]
[Date "2005.07.16"]
[Round "5"]
[White "JDD"]
[Black "Ser-Enigma"]
[Result "0-1"]
[WhiteElo "1586"]
[BlackElo "2047"]
[TimeControl "2700+45"]

1. e4 c5 2. Nf3 d6 3. Nc3 Nf6 4. d4 cxd4 5. Nxd4 g6 6. Bb5+ Bd7 7. Qe2 Nc6 8.
Bxc6 bxc6 9. Bg5 Bg7 10. O-O Qa5 11. f4 Qb6 12. Qe3 Ng4 13. Nxc6 Qxe3+ 14. Kh1
Nf2+ 15. Kg1 Nh3+ 16. Kh1 Qg1+ 17. Rxg1 Nf2# {White checkmated} 0-1

[Event "Team 45 45 League T27"]
[Site "Internet Chess Club"]
[Date "2005.07.17"]
[Round "5"]
[White "jantonio"]
[Black "Trixi"]
[Result "1-0"]
[WhiteElo "1672"]
[BlackElo "1460"]
[TimeControl "2700+45"]

1. Nf3 d5 2. g3 c6 3. Bg2 Nf6 4. d3 Bg4 5. O-O e6 6. Nbd2 Nbd7 7. c4 Be7 8. cxd5
cxd5 9. a3 O-O 10. b4 Rb8 11. Bb2 Qc7 12. Rc1 Qd6 13. Re1 e5 14. h3 Bxf3 15.
Bxf3 Qe6 16. Bg2 Rfd8 17. Qb3 Nb6 18. Nf3 Bd6 19. Ng5 Qf5 20. Nf3 d4 21. Nd2 Be7
22. g4 Qf4 23. e3 dxe3 24. fxe3 Qg3 25. Nf1 Qh4 26. Bxe5 Bd6 27. Bxd6 Rxd6 28.
Nh2 Rbd8 29. Nf3 Qg3 30. Red1 Nbd5 31. Re1 g6 32. Qa2 Re8 33. Qf2 Qxf2+ 34. Kxf2
Rde6 35. Ng5 Rxe3 36. Rxe3 Rxe3 37. Rc8+ Re8 38. Rxe8+ Nxe8 39. Bxd5 Nd6 40. Ne4
Nxe4+ 41. dxe4 b6 42. Kf3 Kf8 43. g5 Ke7 44. b5 f6 45. h4 fxg5 46. hxg5 Kf8 47.
Kf4 Kg7 48. e5 h5 49. gxh6+ Kxh6 50. e6 Kg7 51. Kg5 Kf8 52. Kf6 g5 53. e7+ Ke8
54. Bc6# {Black checkmated} 1-0

[Event "Team 45 45 League T27"]
[Site "Internet Chess Club"]
[Date "2005.07.13"]
[Round "5"]
[White "moreffee"]
[Black "jmc860"]
[Result "0-1"]
[WhiteElo "1413"]
[BlackElo "1564"]
[TimeControl "2700+45"]

1. e4 e6 2. d4 d5 3. e5 c5 4. c3 Nc6 5. Nf3 Qb6 6. Be2 cxd4 7. cxd4 Nge7 8. a3
Nf5 9. Nc3 Nfxd4 10. Nxd4 Nxd4 11. Be3 Bc5 12. Na4 Qa5+ 13. b4 Bxb4+ 14. axb4
Qxb4+ 15. Kf1 Nxe2 16. Kxe2 Bd7 17. Nc5 Bb5+ 18. Kf3 b6 19. Rb1 Qc4 20. Rxb5
Qxb5 21. Nb7 O-O 22. Nd6 Qc6 23. Kg3 a5 24. Qd4 b5 25. Rc1 Qd7 26. Bh6 f6 27.
exf6 Qxd6+ 28. Bf4 e5 29. Bxe5 Qe6 30. fxg7 Qg6+ 31. Kh3 Qf5+ 32. Kg3 Qg5+ 33.
Kh3 Rf7 34. Qxd5 Qf5+ 35. Kh4 Qxf2+ 36. Kh3 Qe3+ 37. g3 Re8 38. Rc7 Qf3 39. Qxb5
Qf5+ 40. Kg2 Qxe5 41. Qxe5 Rxe5 42. Rc8+ Kxg7 {White resigns} 0-1

[Event "Team 45 45 League T27"]
[Site "Internet Chess Club"]
[Date "2005.07.18"]
[Round "5"]
[White "bondguy01"]
[Black "pumba"]
[Result "0-1"]
[WhiteElo "1586"]
[BlackElo "1496"]
[TimeControl "2700+45"]

1. e4 e6 2. d4 d5 3. Nd2 c5 4. Ngf3 cxd4 5. Nxd4 Nf6 6. exd5 Qxd5 7. Nb5 Na6 8.
c4 Qc6 9. a3 Be7 10. b4 O-O 11. Qf3 Bd7 12. c5 Qxf3 13. Nxf3 Ne8 14. Ne5 Bc6 15.
Nxc6 bxc6 16. Nd6 Nac7 17. Bf4 Nd5 18. Bg3 Rd8 19. Nb7 Rd7 20. Na5 Bf6 21. Rc1
Bc3+ 22. Ke2 Nef6 23. Bd6 Rfd8 24. Nxc6 Rxd6 25. cxd6 Rxd6 26. Ne5 Nf4+ 27. Kf3
N6d5 28. g3 Nh5 29. Kg2 Nhf6 30. Be2 h6 31. Nc4 Rd8 32. Rhd1 Ne4 33. Bf3 f5 34.
Ne3 Bb2 35. Rc6 Bxa3 36. Nxd5 exd5 37. Bxe4 fxe4 38. b5 Rd7 39. Ra1 Bb2 40. Raa6
Be5 41. Kf1 d4 42. Re6 d3 43. Ke1 Bc3+ 44. Kd1 Bd4 45. Rxe4 Bxf2 46. Ree6 Bb6
47. Ra2 Rd5 48. Rb2 Kf7 49. Re4 g5 50. g4 Bc5 51. h3 Bb6 52. Rb3 Ba5 53. Re3 d2
54. Red3 Re5 55. Rf3+ Kg6 56. Rfe3 Rc5 57. Rb1 Kf6 58. Re2 Rd5 59. Re3 Bb6 60.
Rc3 Ba5 61. Rc6+ Ke5 62. Rxh6 Kf4 63. Rf6+ Ke4 64. Rb3 Rc5 65. Rb1 Rd5 66. Rf1
Rd3 67. Rh1 Re3 68. Rh2 Re1+ 69. Kc2 Rxb1 70. Re2+ Kf3 {White resigns} 0-1

[Event "Team 45 45 League T27"]
[Site "Internet Chess Club"]
[Date "2005.07.14"]
[Round "5"]
[White "Tomate"]
[Black "Just-Jim"]
[Result "0-1"]
[WhiteElo "1387"]
[BlackElo "1515"]
[TimeControl "2700+45"]

1. d4 d5 2. c4 c6 3. Nf3 Bf5 4. Nc3 h6 5. e3 e6 6. b3 Nf6 7. Bd3 Bg4 8. O-O Bb4
9. Bb2 Bxc3 10. Bxc3 Ne4 11. Rc1 Ng5 12. Be2 Bxf3 13. Bxf3 Nxf3+ 14. Qxf3 O-O
15. Rfe1 Nd7 16. e4 Nf6 17. e5 Nh7 18. Bd2 Qh4 19. Rc3 Qxd4 20. Bc1 Qh4 21. Qg3
Qxg3 22. Rxg3 Kh8 23. Ree3 Rad8 24. Ref3 dxc4 25. h3 Rd1+ 26. Kh2 Rxc1 27. Rc3
Rxc3 28. Rxc3 cxb3 29. Rxb3 b6 30. f4 f6 31. h4 fxe5 32. fxe5 Rf4 33. g3 Re4 34.
a3 Rxe5 35. Rf3 Nf6 36. Kh3 Rf5 37. Re3 e5 38. g4 Rf1 39. g5 hxg5 40. hxg5 Nd7
41. Kg4 Kg8 42. Kh5 c5 43. Kg6 Kf8 44. Rd3 Nf6 45. Rd6 e4 46. Rc6 e3 47. Re6 Rf3
48. Re5 c4 49. Re6 c3 {White resigns} 0-1

[Event "Team 45 45 League T27"]
[Site "Internet Chess Club"]
[Date "2005.07.15"]
[Round "5"]
[White "BenjaminSisko"]
[Black "Cantemir"]
[Result "1-0"]
[WhiteElo "1553"]
[BlackElo "1395"]
[TimeControl "2700+45"]

1. Nf3 e6 2. g3 Nf6 3. Bg2 Bc5 4. O-O O-O 5. d3 d5 6. Nbd2 Bb6 7. e4 c5 8. e5
Ne8 9. Re1 Nc6 10. Nf1 f6 11. h4 fxe5 12. Nxe5 Nxe5 13. Rxe5 Qf6 14. Re2 c4 15.
Ne3 d4 16. Nxc4 Bc7 17. Qe1 h6 18. Bh3 b5 19. Ne5 a5 20. Bg2 Ra6 21. a4 b4 22.
Nc4 Qf7 23. Bh3 Nf6 24. b3 Nd5 25. Bb2 Nc3 26. Bxc3 dxc3 27. Re3 Qg6 28. Qe2 h5
29. Re1 Re8 30. Qf3 Bd8 31. Qe4 Qf7 32. Bg2 Rf8 33. Rf3 Bf6 34. Ne5 Qe8 35. Rfe3
Ra7 36. Qg6 Bxe5 37. Qxe8 Rxe8 38. Rxe5 g6 39. Be4 Kg7 40. Rg5 e5 41. Bxg6 Rh8
42. Bf5+ Kf6 43. Bxc8 Rxc8 44. Rexe5 Re7 45. Rxe7 Kxe7 46. Rxa5 Rc6 47. Rb5 Re6
48. Kf1 Kf6 49. Rxh5 Kg6 50. Rb5 Rc6 51. Rxb4 Kh5 52. Rc4 Rf6 53. Rxc3 Kg4 54.
Rc4+ Kh3 55. h5 Rh6 56. g4 Kh4 57. f3 Kg3 58. Ke2 Re6+ 59. Re4 Rc6 60. c4 Rb6
61. Ke3 Rxb3 62. c5 Rc3 63. Rc4 Rc1 64. g5 Re1+ 65. Kd2 Re5 66. c6 Rxg5 67. c7
Rxh5 68. c8=Q Rh2+ 69. Ke3 Rh1 70. Rg4+ {Black resigns} 1-0

[Event "Team 45 45 League T27"]
[Site "Internet Chess Club"]
[Date "2005.07.19"]
[Round "5"]
[White "pokerram"]
[Black "Smart"]
[Result "1/2-1/2"]
[WhiteElo "1601"]
[BlackElo "1592"]
[TimeControl "2700+45"]

1. e4 d6 2. Nc3 e5 3. Bc4 Nf6 4. h3 g6 5. d3 Bg7 6. Bg5 c6 7. a4 O-O 8. f4 Nbd7
9. Nf3 Qb6 10. Qc1 Nh5 11. fxe5 Nxe5 12. a5 Qc7 13. Nxe5 Bxe5 14. Ne2 Be6 15.
Bf4 Nxf4 16. Nxf4 Bxc4 17. dxc4 d5 18. O-O dxe4 19. c3 Rad8 20. Qe3 Bxf4 21.
Rxf4 f5 22. Raf1 Qxa5 23. Rh4 Qb6 24. Re1 Qxe3+ 25. Rxe3 {Game drawn by mutual
agreement} 1/2-1/2

[Event "Team 45 45 League T27"]
[Site "Internet Chess Club"]
[Date "2005.07.14"]
[Round "5"]
[White "Pilgrim"]
[Black "klassact"]
[Result "1-0"]
[WhiteElo "1534"]
[BlackElo "1330"]
[TimeControl "2700+45"]

1. e4 e5 2. Nf3 Nc6 3. Bc4 Bc5 4. O-O Nf6 5. d4 Nxd4 6. Nxe5 O-O 7. Be3 Ne6 8.
Bxe6 Bxe3 9. Bxf7+ Rxf7 10. Nxf7 Bxf2+ 11. Rxf2 Qe7 12. e5 Ne4 13. Qd5 Nxf2 14.
Nh6+ Kf8 15. Qg8# {Black checkmated} 1-0

[Event "Team 45 45 League T27"]
[Site "Internet Chess Club"]
[Date "2005.07.17"]
[Round "5"]
[White "AVEMARIA"]
[Black "Creecher"]
[Result "1-0"]
[WhiteElo "1547"]
[BlackElo "1502"]
[TimeControl "2700+45"]

1. e4 c5 2. c3 d6 3. d4 cxd4 4. cxd4 Nf6 5. Nc3 e6 6. Nf3 a6 7. Bg5 Be7 8. Be2
Nc6 9. O-O Qb6 10. Na4 Qc7 11. Bxf6 Bxf6 12. d5 exd5 13. exd5 Ne7 14. Rc1 Qa5
15. Re1 O-O 16. Nc3 b5 17. Nd4 Bb7 18. Bf3 Rac8 19. a3 Qb6 20. Nde2 Be5 21. g3
a5 22. Qd2 Rc5 23. b4 axb4 24. axb4 Rc7 25. Ra1 Rfc8 26. Rec1 Rc4 27. Rab1 Bd4
28. Nxd4 Qxd4 29. Qxd4 Rxd4 30. Nxb5 Rxc1+ 31. Rxc1 Rxb4 32. Nxd6 Ba6 33. h4 Rb6
34. Nc4 g6 35. Nxb6 {Black resigns} 1-0

[Event "Team 45 45 League T27"]
[Site "Internet Chess Club"]
[Date "2005.07.18"]
[Round "5"]
[White "Zillmer"]
[Black "indiadar"]
[Result "1-0"]
[WhiteElo "2146"]
[BlackElo "2124"]
[TimeControl "2700+45"]

1. e4 e5 2. Nf3 Nc6 3. Bb5 Nd4 4. Nxd4 exd4 5. O-O Bc5 6. Bc4 d6 7. c3 Nf6 8. d3
O-O 9. Bg5 h6 10. Bh4 g5 11. Bg3 Ng4 12. h3 Ne5 13. b4 Bb6 14. Bb3 dxc3 15. Nxc3
c6 16. d4 Ng6 17. Qh5 Kg7 18. Rad1 Qf6 19. e5 dxe5 20. Ne4 Qe7 21. dxe5 Nxe5 22.
Rfe1 f6 23. Bxe5 fxe5 24. Rd6 Bxf2+ 25. Kh1 Qxd6 26. Nxd6 Bxe1 27. Nf7 Be6 28.
Bxe6 Kf6 29. Qxh6+ Ke7 30. Bb3 Rxf7 31. Qe6+ {Black resigns} 1-0